 Dungeon Sprint DCSS version 0.17-a0-1570-g74b7129 (webtiles) character file.

17304 tt080 the Brawler (level 12, -3/195 HPs)
             Began as a Troll Fighter on July 23, 2015.
             Was the Champion of Trog.
             Slain by a fire giant
             ... wielding a +2 great sword of flaming
              (24 damage)
             ... in the Dungeon (Sprint IX: "|||||||||||||||||||||||||||||").
             The game lasted 00:08:39 (1228 turns).

tt080 the Brawler (Troll Fighter)                   Turns: 1228, Time: 00:08:39

Health: -3/195     AC: 19    Str: 32    XL:     12   Next: 17%
Magic:  11/11      EV: 16    Int:  4    God:    Trog [******]
Gold:   1327       SH: 15    Dex: 13    Spells: 0 memorised, 11 levels left

rFire  + + .     SeeInvis .       - Unarmed
rCold  x . .     Clarity  .     H - +1 fire dragon armour
rNeg   . . .     SustAt   .     b - +2 shield
rPois  .         Gourm    +     (helmet restricted)
rElec  .         Spirit   .     o - +0 cloak
rCorr  .         Warding  .     (gloves unavailable)
rMut   .         NoTele   +     (boots unavailable)
MR     ++...                    (no amulet)
Stlth  ..........               q - +2 ring of protection
                                p - +2 ring of evasion

@: berserking, regenerating, very quick, very resistant to hostile enchantments,
extremely unstealthy
A: unfitting armour, claws 3, fast metabolism 3, gourmand, regeneration 2,
shaggy fur 1, tough skin 2
a: Burn Spellbooks, Berserk, Trog's Hand, Brothers in Arms, Renounce Religion


You were in the Dungeon.
You worshipped Trog.
Trog was exalted by your worship.
You were not hungry.

You visited 1 branch You collected 1918 gold pieces.
You spent 591 gold pieces at shops.

Inventory:

Hand weapons
 g - a +5 hand crossbow of flaming
 t - a +1 hand crossbow of flaming
 w - a +4 shortbow of freezing
 G - a +0 triple crossbow
Missiles
 i - 18 bolts
Armour
 a - a +0 robe
 b - a +2 shield (worn)
 o - a +0 cloak (worn)
 y - a +2 robe of fire resistance
 H - a +1 fire dragon armour (worn)
Magical staves
 n - an uncursed staff of energy
Jewellery
 p - a +2 ring of evasion (left claw)
 q - a +2 ring of protection (right claw)
 C - an uncursed ring of protection from fire
 D - an uncursed ring of fire
 E - an uncursed ring of fire
 F - an uncursed ring of protection from magic
Magical devices
 m - a wand of fire (7)
Scrolls
 j - 2 scrolls of blinking
 l - 5 scrolls of remove curse
 u - 4 scrolls of identify
 v - 7 scrolls of enchant weapon
 x - a scroll of recharging
 J - a scroll of fear
Potions
 c - a potion of might
 e - 8 potions of curing
 f - 6 potions of heal wounds
 h - 4 potions of magic
 k - a potion of invisibility
 r - 2 potions of resistance
 s - a potion of cure mutation
 I - a potion of agility
Comestibles
 d - 14 bread rations
 z - 40 fruits
 A - 12 meat rations
 B - 7 chunks of flesh


   Skills:
 + Level 11.2 Fighting
 + Level 10.9 Armour
 + Level 11.3 Dodging
 + Level 11.4 Shields
 * Level 17.5 Unarmed Combat


You had 11 spell levels left.
You didn't know any spells.

Dungeon Overview and Level Annotations

Branches:
Dungeon (1/1)

Altars:
Cheibriados
Dithmenos
Elyvilon
Fedhas
Gozag
Kikubaaqudgha
Makhleb
Nemelex Xobeh
Okawaru
Qazlal
Ru
Sif Muna
Trog
Vehumet
Xom
Yredelemnul
Zin
The Shining One
Beogh
Jiyva
Lugonu

Shops:
D %%*?


Innate Abilities, Weirdness & Mutations

You are too large for most types of armour.
You have claws for hands.
Your metabolism is lightning-fast.
You like to eat raw meat.
You heal very quickly.
You are covered in fur (AC +1).
You have very tough skin (AC +2).


Message History

Trog accepts your kill.
Unknown command.
A wizard comes into view. It is wielding a dagger of flaming.
The wizard shouts!
You block the stone giant's attack.
You eviscerate the stone giant!!!
The stone giant begins to bleed from its wounds!
The stone giant is heavily wounded.
The stone giant hits you!
* * * LOW HITPOINT WARNING * * *
You claw the stone giant!
The stone giant is severely wounded.
Unknown command.
You mangle the stone giant!!
You feel the power of Trog in you as your rage grows.
You kill the stone giant!
Trog accepts your kill.
Unknown command.
The fire giant hits you with a great sword of flaming!!
You die...

'..[[[[..').[.........†.........%
▓▓▓▓▓▓▓▓▓▓▓▓▓▓▓▓▓▓▓▓▓▓▓▓▓▓▓▓▓▓▓▓▓
......)..........................
▓▓▓▓▓▓▓▓▓▓▓▓▓▓▓▓▓▓▓▓▓▓▓▓▓▓▓▓▓▓▓▓▓
.....'...).∩.∩)∩)∩.).))).......))
▓▓▓▓▓▓▓▓▓▓▓▓▓▓▓▓▓▓▓▓▓▓▓▓▓▓▓▓▓▓▓▓▓
................)................
▓▓▓▓▓▓▓▓▓▓▓▓▓▓▓▓▓▓▓▓▓▓▓▓▓▓▓▓▓▓▓▓▓
...p{ZC@.).)'(.........[
▓▓▓▓▓▓▓▓▓▓▓▓▓▓▓▓▓▓▓▓▓▓▓▓


You could see a fire giant, a wizard and a quokka skeleton.

Vanquished Creatures
  A stone giant (D)
  Josephine (D)
  An ice dragon (D)
  Erica (D)
  A tengu warrior (D)
  6 orc high priests (D)
  Sonja (D)
  A hill giant (D)
  An orc sorcerer (D)
  2 orc knights (D)
  An ugly thing (D)
  A griffon (D)
  A cyclops (D)
  A gargoyle (D)
  Psyche (D)
  2 black mambas (D)
  A spiny frog (D)
  2 giant leeches (D)
  A shadow (D)
  2 blink frogs (D)
  2 yaks (D)
  2 deep elf magi (D)
  4 wraiths (D)
  A hippogriff (D)
  A vampire mosquito (D)
  A porcupine (D)
  3 water moccasins (D)
  10 orc warriors (D)
  An ice beast (D)
  A black bear (shapeshifter) (D)
  An ogre (D)
  A centaur (D)
  2 crocodiles (D)
  7 giant frogs (D)
  A crimson imp (D)
  11 orc priests (D)
  A jelly (D)
  An iguana (D)
  3 orc wizards (D)
  A worker ant (D)
  3 river rats (D)
  A shadow imp (D)
  5 orcs (D)
  A bat skeleton (D)
  A hobgoblin (D)
  3 kobolds (D)
  A ball python zombie (D)
  A bat (D)
  2 giant geckos (D)
  A rat (D)
103 creatures vanquished.

Notes
Turn   | Place    | Note
--------------------------------------------------------------
     0 | D        | tt080 the Troll Fighter began the quest for the Orb.
     0 | D        | Reached XP level 1. HP: 22/22 MP: 0/0
    28 | D        | Noticed a crimson imp
    32 | D        | Killed a crimson imp
    32 | D        | Reached skill level 3 in Fighting
    32 | D        | Reached skill level 1 in Armour
    32 | D        | Reached skill level 4 in Unarmed Combat
    32 | D        | Reached XP level 2. HP: 25/31 MP: 1/1
    32 | D        | Reached XP level 3. HP: 29/37 MP: 2/2
    48 | D        | Found a glowing silver altar of Zin.
    48 | D        | Found a glowing golden altar of the Shining One.
    48 | D        | Found an ancient bone altar of Kikubaaqudgha.
    48 | D        | Found a basalt altar of Yredelemnul.
    48 | D        | Found a shimmering altar of Xom.
    48 | D        | Found a radiant altar of Vehumet.
    49 | D        | Found an iron altar of Okawaru.
    50 | D        | Found a burning altar of Makhleb.
    51 | D        | Found a deep blue altar of Sif Muna.
    52 | D        | Found a bloodstained altar of Trog.
    53 | D        | Found a sparkling altar of Nemelex Xobeh.
    54 | D        | Found a white marble altar of Elyvilon.
    55 | D        | Found a roughly hewn altar of Beogh.
    56 | D        | Found a viscous altar of Jiyva.
    57 | D        | Found a corrupted altar of Lugonu.
    58 | D        | Found a blossoming altar of Fedhas.
    59 | D        | Found a snail-covered altar of Cheibriados.
    64 | D        | Became a worshipper of Trog the Wrathful
    65 | D        | Found a shadowy altar of Dithmenos.
    66 | D        | Found a stormy altar of Qazlal.
    67 | D        | Found an opulent altar of Gozag.
    68 | D        | Found a sacrificial altar of Ru.
   101 | D        | Noticed an iguana
   101 | D        | Noticed a water moccasin
   101 | D        | Noticed a hill giant
   101 | D        | Noticed an ice beast
   101 | D        | Noticed a jelly
   101 | D        | Noticed an ogre
   106 | D        | Killed an ogre
   106 | D        | Reached skill level 5 in Unarmed Combat
   106 | D        | Reached XP level 4. HP: 48/48 MP: 3/3
   108 | D        | Killed a jelly
   108 | D        | Reached skill level 6 in Unarmed Combat
   108 | D        | Reached XP level 5. HP: 54/54 MP: 4/4
   116 | D        | Killed a hill giant
   116 | D        | Acquired Trog's first power
   116 | D        | Reached skill level 5 in Fighting
   116 | D        | Reached skill level 5 in Armour
   116 | D        | Reached skill level 9 in Unarmed Combat
   116 | D        | Reached XP level 6. HP: 67/67 MP: 5/5
   116 | D        | Reached XP level 7. HP: 74/74 MP: 6/6
   121 | D        | Killed an ice beast
   123 | D        | Killed a water moccasin
   123 | D        | Acquired Trog's second power
   123 | D        | Reached skill level 10 in Unarmed Combat
   125 | D        | Killed an iguana
   141 | D        | Noticed a purple ugly thing
   141 | D        | Noticed a deep elf mage
   141 | D        | Noticed a cyclops
   141 | D        | Noticed a tengu warrior
   141 | D        | Noticed a deep elf mage
   141 | D        | Noticed a worker ant
   143 | D        | Killed a worker ant
   146 | D        | Killed a deep elf mage
   146 | D        | Reached XP level 8. HP: 77/84 MP: 7/7
   157 | D        | Killed a tengu warrior
   157 | D        | Reached skill level 11 in Unarmed Combat
   163 | D        | Killed a cyclops
   163 | D        | Reached XP level 9. HP: 49/93 MP: 8/8
   171 | D        | Killed a brown ugly thing
   171 | D        | Reached skill level 12 in Unarmed Combat
   175 | D        | Killed a deep elf mage
   175 | D        | Acquired Trog's third power
   305 | D        | Noticed a black mamba
   305 | D        | Noticed a yak
   305 | D        | Noticed a crocodile
   305 | D        | Noticed a water moccasin
   305 | D        | Noticed a porcupine
   305 | D        | Noticed a giant frog
   308 | D        | Killed a giant frog
   309 | D        | Killed a porcupine
   315 | D        | Killed a water moccasin
   316 | D        | Noticed a water moccasin
   320 | D        | Killed a crocodile
   329 | D        | Killed a yak
   332 | D        | Killed a black mamba
   332 | D        | Reached skill level 13 in Unarmed Combat
   335 | D        | Killed a water moccasin
   352 | D        | Noticed a giant frog
   352 | D        | Noticed a griffon
   352 | D        | Noticed a hippogriff
   352 | D        | Noticed a black mamba
   352 | D        | Noticed a crocodile
   352 | D        | Noticed a giant frog
   353 | D        | Noticed a spiny frog
   354 | D        | Killed a giant frog
   357 | D        | Killed a crocodile
   359 | D        | Noticed a yak
   359 | D        | Killed a black mamba
   366 | D        | Killed a hippogriff
   366 | D        | Received a gift from Trog
   366 | D        | Reached XP level 10. HP: 104/106 MP: 9/9
   374 | D        | Killed a griffon
   376 | D        | Killed a spiny frog
   377 | D        | Killed a giant frog
   382 | D        | Killed a yak
   382 | D        | Reached skill level 14 in Unarmed Combat
   416 | D        | Noticed a giant frog
   416 | D        | Noticed a vampire mosquito
   416 | D        | Noticed a giant leech
   416 | D        | Noticed a giant leech
   416 | D        | Noticed a blink frog
   416 | D        | Noticed a blink frog
   420 | D        | Noticed a giant frog
   422 | D        | Killed a blink frog
   425 | D        | Noticed a giant frog
   428 | D        | Killed a blink frog
   436 | D        | Killed a giant leech
   455 | D        | Killed a giant leech
   455 | D        | Received a gift from Trog
   465 | D        | Killed a vampire mosquito
   468 | D        | Killed a giant frog
   470 | D        | Killed a giant frog
   472 | D        | Killed a giant frog
   531 | D        | Noticed a wraith
   533 | D        | Noticed a wraith
   536 | D        | Killed a wraith
   538 | D        | Noticed Josephine
   538 | D        | Noticed a wraith
   541 | D        | Noticed a wraith
   542 | D        | Killed a wraith
   549 | D        | Killed Josephine
   551 | D        | Killed a wraith
   555 | D        | Killed a wraith
   592 | D        | Noticed Sonja
   610 | D        | Killed Sonja
   610 | D        | Reached skill level 15 in Unarmed Combat
   610 | D        | Reached XP level 11. HP: 85/117 MP: 10/10
   668 | D        | Noticed an orc priest
   668 | D        | Noticed an orc knight
   668 | D        | Noticed an orc priest
   668 | D        | Noticed an orc wizard
   668 | D        | Noticed an orc warrior
   672 | D        | Killed an orc warrior
   673 | D        | Received a gift from Trog
   675 | D        | Noticed an orc wizard
   685 | D        | Killed an orc knight
   690 | D        | Killed an orc wizard
   692 | D        | Killed an orc priest
   693 | D        | Noticed an orc wizard
   694 | D        | Killed an orc priest
   694 | D        | Received a gift from Trog
   695 | D        | Noticed an orc knight
   697 | D        | Noticed an orc warrior
   700 | D        | Reached skill level 10 in Shields
   718 | D        | Killed an orc knight
   718 | D        | Reached skill level 10 in Dodging
   722 | D        | Killed an orc warrior
   725 | D        | Killed an orc wizard
   725 | D        | Received a gift from Trog
   732 | D        | Killed an orc wizard
   792 | D        | Noticed an orc warrior
   792 | D        | Noticed an orc warrior
   792 | D        | Noticed an orc warrior
   792 | D        | Noticed an orc warrior
   792 | D        | Noticed an orc warrior
   794 | D        | Killed an orc warrior
   794 | D        | Reached skill level 10 in Fighting
   795 | D        | Noticed an orc priest
   796 | D        | Killed an orc warrior
   797 | D        | Noticed an orc warrior
   797 | D        | Noticed an orc warrior
   799 | D        | Noticed an orc sorcerer
   801 | D        | Killed an orc warrior
   809 | D        | Killed an orc warrior
   810 | D        | Received a gift from Trog
   814 | D        | Killed an orc warrior
   823 | D        | Killed an orc sorcerer
   829 | D        | Killed an orc warrior
   831 | D        | Killed an orc priest
   834 | D        | Killed an orc warrior
   835 | D        | Noticed an orc priest
   836 | D        | Noticed an orc warrior
   839 | D        | Killed an orc priest
   839 | D        | Received a gift from Trog
   844 | D        | Killed an orc warrior
   909 | D        | Found Uwom's Magic Scroll Boutique.
   909 | D        | Noticed an orc high priest
   909 | D        | Noticed an orc priest
   909 | D        | Noticed an orc priest
   909 | D        | Noticed an orc priest
   909 | D        | Noticed an orc high priest
   911 | D        | Killed an orc high priest
   911 | D        | Reached skill level 16 in Unarmed Combat
   912 | D        | Noticed an orc high priest
   913 | D        | Killed an orc priest
   916 | D        | Killed an orc priest
   918 | D        | Killed an orc priest
   922 | D        | Killed an orc high priest
   922 | D        | Received a gift from Trog
   922 | D        | Reached skill level 10 in Armour
   923 | D        | Found Suavyuma's General Store.
   925 | D        | Noticed an orc priest
   930 | D        | Killed an orc high priest
   933 | D        | Found Otoni's Food Boutique.
   933 | D        | Noticed an orc high priest
   934 | D        | Killed an orc priest
   936 | D        | Noticed an orc priest
   936 | D        | Found Tato's Food Shop.
   937 | D        | Noticed an orc high priest
   942 | D        | Noticed an orc priest
   943 | D        | Killed an orc high priest
   944 | D        | Noticed an orc priest
   945 | D        | Killed an orc priest
   953 | D        | Killed an orc high priest
   957 | D        | Killed an orc priest
   957 | D        | Received a gift from Trog
   960 | D        | Killed an orc priest
   961 | D        | Noticed an orc high priest
   971 | D        | Killed an orc high priest
   985 | D        | Bought a scroll of enchant weapon for 97 gold pieces
   985 | D        | Bought a scroll of enchant weapon for 97 gold pieces
   985 | D        | Bought a scroll of enchant weapon for 97 gold pieces
   985 | D        | Bought a scroll of recharging for 123 gold pieces
   987 | D        | Bought a +2 robe of fire resistance for 177 gold pieces
  1051 | D        | Noticed Psyche
  1060 | D        | Killed Psyche
  1077 | D        | Noticed Erica
  1084 | D        | Killed Erica
  1084 | D        | Reached skill level 17 in Unarmed Combat
  1184 | D        | Noticed a gargoyle
  1184 | D        | Noticed a black bear
  1184 | D        | Noticed a giant frog
  1184 | D        | Noticed a centaur
  1185 | D        | Noticed a shadow
  1187 | D        | Received a gift from Trog
  1192 | D        | Killed a centaur
  1193 | D        | Killed a giant frog
  1197 | D        | Killed a black bear
  1198 | D        | Noticed an ice dragon
  1208 | D        | Killed a gargoyle
  1208 | D        | Reached XP level 12. HP: 127/130 MP: 11/11
  1211 | D        | Killed a shadow
  1214 | D        | Noticed a stone giant
  1214 | D        | Noticed a fire giant
  1217 | D        | Noticed an ogre mage
  1223 | D        | Killed an ice dragon
  1224 | D        | Noticed a wizard
  1227 | D        | Killed a stone giant
  1228 | D        | Slain by a fire giant

Vault maps used:
D:        linesprint

Action                   |  1- 3 |  4- 6 |  7- 9 | 10-12 || total
-------------------------+-------+-------+-------+-------++-------
Melee: Unarmed           |    29 |     9 |    81 |   271 ||   390
Throw: Large rock        |       |       |     2 |    10 ||    12
Invok: Trog's Hand       |       |       |     3 |     3 ||     6
       Berserk           |       |       |       |     2 ||     2
  Use: Potion            |     1 |       |     1 |     2 ||     4
       Scroll            |       |       |     2 |       ||     2
  Eat: Chunk             |     1 |       |       |    11 ||    12
